 Seeded DCSS version 0.28-a0-1312-g71652a0310 (webtiles) character file.

Game seed: 12130800008223909736 (custom seed)

3759 croobank the Firebug (level 10, 0/72 HPs)
             Began as an Octopode Cinder Acolyte on Dec 27, 2021.
             Was a Follower of Ignis.
             Shot with an arrow by a centaur (5 damage)
             ... on level 9 of the Dungeon on Dec 28, 2021.
             The game lasted 01:07:43 (12104 turns).

croobank the Firebug (Octopode Cinder Acolyte)     Turns: 12104, Time: 01:07:44

Health: 0/72       AC:  1    Str: 19    XL:     10   Next: 15%
Magic:  19/19      EV: 11    Int: 21    God:    Ignis [*.....]
Gold:   374        SH:  2    Dex:  8    Spells: 12/22 levels left

rFire   + . .      SeeInvis .   b - +0 hunting sling
rCold   . . .      Faith    .   E - +0 buckler
rNeg    . . .      Spirit   .   (helmet restricted)
rPois   .          Reflect  .   v - amulet of magic regeneration
rElec   .          Harm     .   d - ring of wizardry
rCorr   .          Rampage  .   n - +6 ring of strength
Will    .....                   i - ring of wizardry
Stlth   ++........              (no ring)
HPRegen 0.22/turn               (no ring)
MPRegen 0.56/turn               (no ring)
                                (no ring)
                                (no ring)

@: sluggish, very slow
A: almost no armour, amphibious, 8 rings, camouflage 1, gelatinous body 1,
(nimble swimmer 1), tentacles
a: Renounce Religion, Fiery Armour, Foxfire Swarm, Rising Flame


You were on level 9 of the Dungeon.
You worshipped Ignis.
Ignis was aware of your devotion.
You visited 2 branches of the dungeon, and saw 10 of its levels.
You also visited: Ossuary.

You collected 374 gold pieces.

Inventory:

Hand Weapons
 a - a -1 spear of flaming
 b - a +0 hunting sling (weapon)
 g - a +0 dagger of draining
 p - a +2 vampiric rapier
 z - a +0 shortbow
 C - a +5 scimitar
Missiles
 e - 33 bolts
 f - 71 poisoned darts
 r - 95 sling bullets (quivered ammo)
 s - 72 arrows
 t - 184 stones
 x - 7 boomerangs
 F - 2 curare-tipped darts
Armour
 k - a +0 kite shield
 E - a +0 buckler (worn)
Magical Staves
 o - a staff of earth
Jewellery
 d - a ring of wizardry (left tentacle)
 i - a ring of wizardry (on tentacle)
 n - a +6 ring of strength (right tentacle)
 v - an amulet of magic regeneration (around mantle)
Wands
 l - a wand of flame (27)
Scrolls
 c - 4 scrolls of enchant armour {enchant armour, unknown}
 u - a scroll of silence
 w - 2 scrolls of blinking
 y - a scroll of fog {unknown}
 A - a scroll of amnesia
 D - a scroll of torment {unknown}
 G - 2 scrolls of magic mapping {unknown}
 J - 3 scrolls of summoning {unknown}
 K - a scroll of brand weapon {unknown}
 L - 2 scrolls of teleportation
 M - a scroll of immolation {unknown}
Potions
 h - 2 potions of might
 j - 5 potions of curing {curing}
 m - 2 potions of cancellation
 q - 6 potions of haste
 B - a potion of lignification
 H - a potion of resistance {unknown}
 I - 2 potions of mutation {unknown}
 N - a potion of heal wounds
 O - a potion of invisibility {unknown}
 P - a potion of attraction {unknown}


   Skills:
 + Level 7.8 Fighting
 + Level 7.8 Polearms
 + Level 6.5 Spellcasting
 + Level 7.8 Fire Magic


You had 12 spell levels left.
You knew the following spells:

 Your Spells              Type           Power      Damage    Failure   Level
a - Scorch                Fire           78%        2d9       1%          2
b - Ensorcelled Hibernat  Hex/Ice        12%        N/A       7%          2
c - Swiftness             Air            6%         N/A       13%         3
d - Tukima's Dance        Hex            6%         N/A       13%         3

Your spell library contained the following spells:

 Spells                   Type           Power      Damage    Failure   Level
 Passwall                 Tmut/Erth      5%         N/A       7%          2
 Fireball                 Conj/Fire      11%        3d7       22%         5
 Iskenderun's Battlesphe  Conj           6%         2d6       69%         5
 Conjure Ball Lightning   Conj/Air       3%         3x3d6     99%         6
 Enfeeble                 Hex            3%         N/A       100%        7
 Orb of Destruction       Conj           3%         9d1       100%        7


Dungeon Overview and Level Annotations

Branches:
Dungeon (9/15)             Temple (1/1) D:4         Ossuary (visited)
   Lair: D:8-11         Orc: D:9-12

Altars:
Ashenzari
Cheibriados
Dithmenos
Elyvilon
Fedhas
Gozag
Hepliaklqana
Kikubaaqudgha
Makhleb
Nemelex Xobeh
Okawaru
Qazlal
Ru
Sif Muna
Trog
Uskayaw
Vehumet
Wu Jian
Yredelemnul
Zin
The Shining One

Shops:
D:1 *   D:3 !

Annotations:
D:4 1 runed translucent door, JamesMcGaha's ghost, amateur GrGl


Innate Abilities, Weirdness & Mutations

You cannot wear most types of armour.
You are amphibious.
You can wear up to eight rings at the same time.
Your skin changes colour to match your surroundings (Stealth+).
Your rubbery body absorbs attacks. (AC +1, EV +1)
((You are camouflaged when in or above water. (Stealth+)))
You have tentacles for arms and can constrict up to eight enemies at once.


Message History

The centaur unwields a +0 shortbow.
The centaur misses you. x2
The centaur closely misses you. The centaur barely misses you.
Your magical contamination has completely faded away.
The centaur barely misses you. The centaur kicks you.
Casting: Scorch (safe; 1% risk of failure)
Confirm with . or Enter, or press ? or * to list all spells.
Flames lash the centaur.
The centaur is burned terribly!
The centaur is almost dead.
The centaur hits you. The centaur kicks you.
The centaur is no longer more vulnerable to fire.
The centaur wields a +0 shortbow.
The centaur shoots an arrow.
The arrow hits you.
You start to feel a little slower.
The centaur shoots an arrow.
The arrow completely misses you.
The centaur shoots an arrow.
The arrow closely misses you.
The centaur shoots an arrow.
The arrow barely misses you.
The centaur shoots an arrow.
The arrow hits you!
Found a scratched tourmaline ring.
The sentinel's mark upon you fades away.
You feel sluggish.
Fire: 96 sling bullets
Press: ? - help, Q - select action, (/) - cycle Shift-Dir - straight line, f - two-headed ogre
Aim: a two-headed ogre, wielding a +0 dire flail and a +0 giant club (73% to hit)
You shoot a sling bullet.
The sling bullet hits the two-headed ogre.
The two-headed ogre is lightly wounded.
The centaur shoots an arrow.
The arrow closely misses you.
Found 20 gold pieces.
The centaur shoots an arrow.
The arrow barely misses you.
The two-headed ogre hits you with a +0 dire flail!!
* * * LOW HITPOINT WARNING * * *
The two-headed ogre misses you.
Blink to where?
Press: ? - help, Dir - move target, p - two-headed ogre
As you read the scroll of blinking, it crumbles to dust.
The centaur shoots an arrow.
The arrow barely misses you.
The centaur shoots an arrow.
The arrow hits you!
* * * LOW HITPOINT WARNING * * *
You start to feel a little faster.
The centaur shoots an arrow.
The arrow hits you.
You die...

#..#......#....
#..#..#.....##....
#..#..#...>.#.....
#..#..#.....#.....
#..#..#.....#.....
#.##..#.....#.....
#.#...#.....#.....
#.#...#.....#.....
####+##@#...###'###.....
........#...............
........#...............
#.......###########.####
#.................#.#...
#.....$...........#.#..c
#............O....###...
.........c.=..c..Z(.....
............c...........


You could see a centaur.

Vanquished Creatures
  Sigmund (D:3)
  3 yaks (D:8)
  Eustachio (D:4)
  Duvessa (D:4)
  3 water moccasins
  2 orc warriors
  2 black bears
  An ice beast (D:8)
  2 centaurs
  2 necrophages
  An ogre (D:7)
  3 phantoms
  6 bullfrogs
  2 scorpions
  Dowan (D:4)
  A water moccasin skeleton (D:7)
  3 wights
  3 howler monkeys
  4 centaur zombies
  A human zombie (Ossuary)
  2 hounds (D:6)
  An orc priest (D:9)
  3 orc wizards
  Ijyb (D:3)
  2 scorpion zombies (D:5)
  6 mummies
  9 adders
  A shadow imp (D:7)
  A white imp (D:8)
  An ufetubus (D:4)
  A worm (D:3)
  A dart slug (D:1)
  18 orcs
  5 endoplasms
  4 giant cockroaches
  3 goblins (D:3)
  5 hobgoblins
  4 jackals (D:4)
  5 quokkas
  8 ball pythons
  6 bats
  3 frilled lizards (D:1)
  2 goblin zombies (Ossuary)
  A hobgoblin zombie (Ossuary)
  2 kobolds (D:1)
  An orc zombie (Ossuary)
  5 rats
144 creatures vanquished.

Vanquished Creatures (others)
  14 foxfires
  9 plants (D:6)
23 creatures vanquished.

Grand Total: 167 creatures vanquished

Notes
Turn   | Place    | Note
-------+----------+-------------------------------------------
     0 | D:1      | croobank the Octopode Cinder Acolyte began the quest for
                  | the Orb.
     0 | D:1      | Reached XP level 1. HP: 16/16 MP: 2/2
   129 | D:1      | Reached XP level 2. HP: 16/21 MP: 3/3
   200 | D:1      | Learned a level 2 spell: Scorch
   458 | D:1      | Found Wisoshren's General Store.
   897 | D:1      | Reached XP level 3. HP: 26/26 MP: 0/5
  1514 | D:2      | You fall into a shaft and drop 2 floors!
  1514 | D:4      | Noticed a phantom
  1581 | D:4      | Reached XP level 4. HP: 14/31 MP: 1/6
  1781 | D:4      | Found a staircase to the Ecumenical Temple.
  1790 | Temple   | Entered the Ecumenical Temple
  2188 | D:3      | Noticed Ijyb
  2201 | D:3      | Killed Ijyb
  2387 | D:3      | Noticed Sigmund
  2396 | D:3      | Killed Sigmund
  2397 | D:3      | Reached XP level 5. HP: 37/37 MP: 1/9
  2397 | D:3      | Reached XP level 6. HP: 43/43 MP: 1/10
  2744 | D:3      | Found Couciofe's Distillery.
  3226 | D:4      | Noticed Eustachio
  3234 | D:4      | Killed Eustachio
  3235 | D:4      | Reached XP level 7. HP: 36/49 MP: 4/11
  3346 | D:4      | Noticed Duvessa
  3346 | D:4      | Noticed Dowan
  3352 | D:4      | Killed Dowan
  3358 | D:4      | Killed Duvessa
  3835 | D:4      | Reached skill level 5 in Polearms
  4029 | D:4      | Found a runed translucent door.
  4031 | D:4      | Noticed JamesMcGaha's ghost (amateur GrGl)
  4130 | D:4      | Reached skill level 5 in Fighting
  4130 | D:4      | Reached skill level 5 in Fire Magic
  4501 | D:5      | Entered Level 5 of the Dungeon
  4852 | D:5      | Reached XP level 8. HP: 55/55 MP: 2/14
  5159 | D:5      | Found a sparkling altar of Nemelex Xobeh.
  7156 | D:6      | Reached skill level 5 in Spellcasting
  7679 | D:6      | Reached XP level 9. HP: 10/63 MP: 5/16
  9771 | D:8      | Found a sand-covered staircase.
  9778 | Ossuary  | Entered an ossuary
 10479 | D:8      | Reached XP level 10. HP: 38/71 MP: 11/19
 10884 | D:8      | Found a stormy altar of Qazlal.
 10929 | D:8      | Learned a level 2 spell: Ensorcelled Hibernation
 10933 | D:8      | Learned a level 3 spell: Swiftness
 10937 | D:8      | Learned a level 3 spell: Tukima's Dance
 12071 | D:9      | Noticed a two-headed ogre
 12104 | D:9      | Shot with an arrow by a centaur

Illustrated notes

Levels and vault maps discovered:
D:1:      grunt_arrival_crossed_arrows, layout_loops_ring, serial_shops, shop,
          chequers_serial_rivers_micro_b
D:2:      layout_basic, serial_shops, shop,
          shapermc_ecumenical_altar_mp_urbaneastern
D:3:      layout_loops_cross, serial_shops, shop_statue, uniq_ijyb, uniq_sigmund
D:4:      layout_basic, lemuel_temple_firewalk_a, ebering_ghost_reflecting_pool,
          uniq_eustachio, uniq_duvessa
D:5:      layout_loops_cross, mainiacjoe_overflow_paths
D:6:      layout_layer_cave, chequers_big_river, dk_noncrumbling_4
D:7:      layout_loops_corners
D:8:      layout_loops_ring, mainiacjoe_overflow_concentric_impassable,
          gup_ossuary_entry_pyramid
D:9:      layout_irregular_city, mainiacjoe_overflow_surrounded_room
Temple:   mainiacjoe_temple_bowtie_tessellation

Skill      XL: |  1  2  3  4  5  6  7  8  9 |
---------------+----------------------------+-----
Spellcasting   | 2 3 4 5 6 |  6.5
Fighting       | 4 5 6 7 |  7.8
Polearms       | 4 5 6 7 |  7.8
Fire Magic     | 4 5 6 7 |  7.8

Action                   |  1- 3 |  4- 6 |  7- 9 | 10-12 || total
-------------------------+-------+-------+-------+-------++-------
Melee: Spear             |    37 |    28 |    15 |       ||    80
       Constrict         |    10 |     5 |     3 |       ||    18
       Tentacles         |     4 |     2 |     2 |       ||     8
 Fire: Hunting sling     |       |       |    11 |     1 ||    12
Throw: Dart              |       |       |     7 |       ||     7
 Cast: Scorch            |    23 |    26 |   184 |    29 ||   262
       Swiftness         |       |       |       |     4 ||     4
Invok: Fiery Armour      |       |     2 |     3 |       ||     5
       Foxfire Swarm     |       |     1 |     3 |       ||     4
  Use: Scroll            |     1 |     2 |     7 |     2 ||    12
       Potion            |       |     2 |     2 |     1 ||     5
 Stab: Sleeping          |     3 |     2 |       |       ||     5
Armor: Skin              |     5 |     5 |    12 |     1 ||    23
Dodge: Dodged            |    26 |    24 |    78 |    18 ||   146
Block: Buckler           |       |       |     4 |     1 ||     5

Table legend: (Time is in decaauts)
 A = Elapsed time spent in this place.
 B = Non-inter-level travel time spent in this place.
 C = Inter-level travel time spent in this place.
 D = Time resting spent in this place.
 E = Time spent auto-exploring this place.
 F = Levels seen in this place.
 G = Mean time per level.
                   A        B        C        D        E       F      G
               +--------+--------+--------+--------+--------+-----+--------+
         Total |  12097 |  11781 |    316 |   4134 |   5715 |  11 | 1099.7 |
       Dungeon |  11335 |  11040 |    295 |   3819 |   5477 |   9 | 1259.4 |
        Temple |    208 |    187 |     21 |      0 |    164 |   1 |  208.0 |
       Ossuary |    552 |    552 |      0 |    315 |     74 |   1 |  552.0 |
               +--------+--------+--------+--------+--------+-----+--------+

Top non-repeatable levels by time:
     D:6: 2519 daAuts
     D:4: 1787 daAuts
     D:8: 1629 daAuts
     D:7: 1500 daAuts
     D:3: 1046 daAuts
     D:1: 1022 daAuts
     D:5: 987 daAuts
 Ossuary: 552 daAuts
     D:2: 489 daAuts
     D:9: 352 daAuts
  Temple: 208 daAuts
